 Dungeon Crawl Stone Soup version 0.29.1-12-g30fa7ad0bf (webtiles) character file.

Game seed: 10967887243944463504

51 KittyFluff the Trooper (level 3, -3/36 HPs)
             Began as a Gargoyle Berserker on Jan 11, 2023.
             Was a Follower of Trog.
             Slain by a goblin
             ... wielding a +0 club
             ... led by Robin
              (5 damage)
             ... on level 2 of the Dungeon.
             The game lasted 00:05:57 (1988 turns).

KittyFluff the Trooper (Gargoyle Berserker)         Turns: 1988, Time: 00:05:58

Health: -3/36      AC:  5    Str: 20    XL:     3   Next: 83%
Magic:  3/3        EV: 12    Int:  7    God:    Trog [*.....]
Gold:   95         SH:  0    Dex: 11    Spells: 2/2 levels left

rFire   . . .      SeeInvis .   a - +0 mace
rCold   . . .      Faith    .   (no shield)
rNeg    + . .      Spirit   .   b - +0 animal skin
rPois   ∞          Reflect  .   (no helmet)
rElec   +          Harm     .   (no cloak)
rCorr   .          Rampage  .   (no gloves)
Will    .....                   (no boots)
Stlth   ..........              (no amulet)
HPRegen 0.12/turn               (no ring)
MPRegen 0.08/turn               (no ring)

@: berserking, very quick
A: sickness immunity, AC +3, negative energy resistance 1, electricity
resistance, torment resistance 1, petrification resistance
a: Renounce Religion, Berserk


You were on level 2 of the Dungeon.
You worshipped Trog.
Trog was aware of your devotion.
You visited 1 branch of the dungeon, and saw 2 of its levels.

You collected 95 gold pieces.

Inventory:

Hand Weapons
 a - a +0 mace (weapon)
 l - a +0 sling
Missiles
 f - 4 poisoned darts (quivered)
 h - 2 stones
Armour
 b - a +0 animal skin (worn)
 k - a +0 ring mail
Scrolls
 c - 2 scrolls of fear {unknown}
 d - a scroll of identify
 e - a scroll of noise {unknown}
 i - a scroll of magic mapping {unknown}
Potions
 g - a potion of invisibility
 j - a potion of haste
 m - a potion of resistance


   Skills:
 + Level 3.7 Fighting
 + Level 3.3 Maces & Flails
 * Level 3.2 Armour
 + Level 2.0 Dodging


You had 2 spell levels left.
You didn't know any spells.
Your spell library was empty.

Dungeon Overview and Level Annotations

Branches:
Dungeon (2/15)

Altars:


Innate Abilities, Weirdness & Mutations

You are immune to sickness and miasma.
Your stone body is resilient. (AC +3)
You are immune to poison.
You resist negative energy. (rN+)
You are resistant to electric shocks. (rElec)
You are resistant to unholy torment.
You are immune to petrification.


Message History

You hear a shout!
You sock Robin!
Robin is heavily wounded.
The goblin closely misses you. The goblin hits you with a +0 club.
Robin roars a battlecry!
The goblin barely misses you.
A red film seems to cover your vision as you go berserk!
You feel yourself moving faster!
You feel mighty! The goblin hits you with a +0 club.
The goblin closely misses you. The goblin barely misses you.
You hit Robin.
Robin is severely wounded.
You hit Robin.
Robin is almost dead.
The goblin hits you with a +0 club. The goblin barely misses you.
The goblin hits you but does no damage. Robin closely misses you.
You hit Robin.
Robin is almost dead.
The goblin hits you with a +0 club.
* * * LOW HITPOINT WARNING * * *
The goblin hits you with a +0 club.
* * * LOW HITPOINT WARNING * * *
The goblin hits you but does no damage.
A goblin comes into view. It is wielding a +0 club.
Robin says, "Feeling lonely?"
You sock Robin!
You kill Robin!
Trog accepts your kill. The goblin hits you with a +0 club.
* * * LOW HITPOINT WARNING * * *
The goblin hits you with a +0 dagger.
* * * LOW HITPOINT WARNING * * *
The goblin closely misses you.
You sock the goblin!
You feel the power of Trog in you as your rage grows.
You kill the goblin!
Trog accepts your kill. The goblin misses you. The goblin barely misses you.
The goblin hits you with a +0 club.
You die...

... ..# ###..
#... #..
####'## .
#.....# ...
#....g###g....
#....g@gggg...
#....)##g#.###
####.## # ##
#.# .# .. #.#
...#... #.#
###......
###.###
#........
#.....#
#.##..###
#####.#
###.##..#


You could see 2 gnolls, a hobgoblin (strong) and 5 goblins.

Vanquished Creatures
  Robin (D:2)
  An adder (D:2)
  A worm (D:2)
  3 endoplasms
  3 giant cockroaches
  4 hobgoblins
  2 quokkas (D:1)
  2 ball pythons
  4 bats
  4 goblins
  2 rats (D:1)
27 creatures vanquished.

Notes
Turn   | Place    | Note
-------+----------+-------------------------------------------
     0 | D:1      | KittyFluff the Gargoyle Berserker began the quest for the
                  | Orb.
     0 | D:1      | Reached XP level 1. HP: 14/14 MP: 1/1
   691 | D:1      | Reached XP level 2. HP: 17/19 MP: 2/2
  1228 | D:1      | You fall into a shaft and drop 1 floor!
  1318 | D:2      | Reached XP level 3. HP: 23/23 MP: 3/3
  1976 | D:2      | Noticed Robin
  1987 | D:2      | Killed Robin
  1988 | D:2      | Slain by a goblin

Illustrated notes

Levels and vault maps discovered:
D:1:      erik_arrival_blinker_ship, layout_basic
D:2:      minmay_alternating_diamond, layout_basic, uniq_natasha, uniq_robin

Skill      XL: |  1  2  3 |
---------------+----------+-----
Armour         | 3 |  3.2
Dodging        | 2 |  2.0
Fighting       | |  3.7
Maces & Flails | |  3.3

Action                   || total
-------------------------++-------
Melee: Mace              ||   102
       Punch             ||     2
Invok: Berserk           ||     1
  Use: Scroll            ||     3
Armor: Animal skin       ||    84
Dodge: Dodged            ||    89
